 Dungeon Crawl Stone Soup version 0.30.1-3-gfc49f6343a (webtiles) character file.

Game seed: 7909662018192285940

284 Heoruswealwe the Conjurer (level 6, -3/32 HPs)
             Began as a Deep Elf Conjurer on July 31, 2023.
             Slain by a gnoll sergeant
             ... wielding a +0 spear
              (9 damage)
             ... on level 3 of the Dungeon.
             The game lasted 00:18:43 (2392 turns).

Heoruswealwe the Conjurer (Deep Elf Conjurer)       Turns: 2392, Time: 00:18:43

Health: -3/32      AC:  3    Str:  4    XL:     6   Next: 7%
Magic:  7/17       EV: 12    Int: 25    God:
Gold:   130        SH:  0    Dex: 13    Spells: 3/17 levels left

rFire   + . .        (no weapon)
rCold   . . .        (no shield)
rNeg    . . .        c - +0 robe
rPois   +            (no helmet)
rElec   .            h - +0 cloak
rCorr   .            (no gloves)
SInv    .            (no boots)
Will    .....        (no amulet)
Stlth   ++           k - ring of poison resistance
HPRegen 0.25/turn    j - ring of protection from fire
MPRegen 0.15/turn

%: no passive effects
@: brilliant
A: no striking features
a: no special abilities


You were on level 3 of the Dungeon.
You visited 1 branch of the dungeon, and saw 3 of its levels.

You collected 130 gold pieces.

Inventory:

Armour
 c - a +0 robe (worn)
 h - a +0 cloak (worn)
Jewellery
 j - a ring of protection from fire (right hand)
 k - a ring of poison resistance (left hand)
Scrolls
 e - a scroll of fog {unknown}
 g - a scroll of poison {unknown}
 m - a scroll of brand weapon {unknown}
 n - 2 scrolls of teleportation {unknown}
 o - 3 scrolls of identify {unknown}
 p - a scroll of fear {unknown}
 q - a scroll of vulnerability {unknown}
 s - a scroll of enchant weapon {unknown}
Potions
 a - a potion of resistance {unknown}
 d - 6 potions of brilliance
 f - 2 potions of heal wounds {unknown}
 i - 2 potions of attraction {unknown}
 l - a potion of cancellation {unknown}
 r - a potion of ambrosia {unknown}


   Skills:
 - Level 2.4 Dodging
 - Level 2.4 Stealth
 + Level 6.4 Spellcasting
 + Level 6.4 Conjurations


You had 3 spell levels left.
You knew the following spells:

 Your Spells              Type           Power      Damage    Failure   Level
a - Magic Dart            Conj           100%       1d8       1%          1
b - Searing Ray           Conj           100%       2d8       1%          2
c - Dazzling Flash        Conj/Hex       72%        N/A       5%          3
d - Flame Wave            Conj/Fire      36%        2d10      19%         4
e - Fulminant Prism       Conj/Hex       18%        3d10      19%         4

Your spell library contained the following spells:

 Spells                   Type           Power      Damage    Failure   Level
 Scorch                   Fire           24%        2d6       11%         2
 Iskenderun's Mystic Bla  Conj/Tloc      36%        2d9       19%         4
 Summon Cactus Giant      Summ           6%         N/A       100%        6


Dungeon Overview and Level Annotations

Branches:
Dungeon (3/15)

Altars:


Message History

You kill the gnoll!
The magic dart hits the jackal!
You kill the jackal!
You can't see any susceptible monsters within range! (Use Z to cast anyway.)
The magic dart hits the gnoll sergeant.
The gnoll sergeant is lightly wounded.
The gnoll sergeant shouts!
The magic dart hits the gnoll sergeant but does no damage.
The gnoll sergeant is lightly wounded.
The magic dart hits the gnoll sergeant but does no damage.
The gnoll sergeant is lightly wounded.
Casting: Magic Dart (safe; 1% risk of failure)
Confirm with . or Enter, or press ? or * to list all spells.
You don't know that spell.
Casting: Magic Dart (safe; 1% risk of failure)
Confirm with . or Enter, or press ? or * to list all spells.
Aiming: Searing Ray (safe; 1% risk of failure)
Press: ? - help, Shift-Dir - straight line, f/p - gnoll sergeant
Aim: a gnoll sergeant, wielding a +0 spear and wearing a +0 ring mail (lightly wounded, 87% to hit)
The searing ray hits the gnoll sergeant.
The gnoll sergeant is moderately wounded. (Press . to maintain the ray.)
The orc shouts!
You hear a shout! x2
The searing ray hits the gnoll sergeant.
The gnoll sergeant is moderately wounded.
The searing ray hits the gnoll sergeant but does no damage.
The gnoll sergeant is moderately wounded.
The gnoll sergeant hits you from afar with a +0 spear!
The searing ray hits the gnoll sergeant but does no damage.
The gnoll sergeant is moderately wounded.
You finish channelling your searing ray.
The gnoll sergeant hits you from afar with a +0 spear.
A bat comes into view.
The gnoll sergeant hits you from afar with a +0 spear!
* * * LOW HITPOINT WARNING * * *
The bat moves out of view.
It was a potion of brilliance.
You feel clever all of a sudden.
The gnoll sergeant hits you from afar with a +0 spear!
You die...

#.~≈~... '.#.~≈~... .
#'###≈~...
''#############...#≈~...
..............#gog#~≈...
..~~~~≈~≈~~≈~≈#####≈~...
g.~≈≈≈≈≈~≈≈≈≈≈≈≈≈≈≈≈)...
..~≈~~~~~≈~~~~~~~~~)~...
......o@..)......)......
.............>.........#
.....g.......#.#####.###
.............#.........#
#..........#.#.#####.###
#...###.##.#.#.#####.#
..## #.##.#.#......)# ..
.....#.#######.# ##.
###.# #)#


You could see a gnoll sergeant, a gnoll (wandering) and an orc.

Vanquished Creatures
  2 howler monkeys (D:3)
  An orc priest (D:3)
  Crazy Yiuf (D:2)
  5 gnolls (D:3)
  4 adders
  3 worms
  3 endoplasms
  2 giant cockroaches
  5 goblins
  3 hobgoblins
  13 jackals
  2 quokkas (D:1)
  4 ball pythons
  3 bats
  6 kobolds
  6 rats
63 creatures vanquished.

Notes
Turn   | Place    | Note
-------+----------+-------------------------------------------
     0 | D:1      | Heoruswealwe the Deep Elf Conjurer began the quest for the
                  | Orb.
     0 | D:1      | Reached XP level 1. HP: 10/10 MP: 6/6
   406 | D:1      | Reached XP level 2. HP: 15/15 MP: 6/8
   409 | D:1      | Learned a level 2 spell: Searing Ray
  1244 | D:2      | Reached skill level 5 in Conjurations
  1244 | D:2      | Reached XP level 3. HP: 19/19 MP: 7/10
  1248 | D:2      | Learned a level 3 spell: Dazzling Flash
  1340 | D:2      | Found a runed translucent door.
  1341 | D:2      | Noticed Crazy Yiuf
  1347 | D:2      | Killed Crazy Yiuf
  1348 | D:2      | Reached XP level 4. HP: 13/24 MP: 3/12
  1353 | D:2      | Learned a level 4 spell: Flame Wave
  1733 | D:2      | Reached skill level 5 in Spellcasting
  2003 | D:3      | Reached XP level 5. HP: 16/28 MP: 10/15
  2273 | D:3      | Reached XP level 6. HP: 23/32 MP: 4/17
  2278 | D:3      | Learned a level 4 spell: Fulminant Prism
  2392 | D:3      | Slain by a gnoll sergeant

Illustrated notes

Levels and vault maps discovered:
D:1:      dpeg_arrival_brainrot, layout_basic, dreamdust_princess_bridge
D:2:      layout_loops_cross, uniq_crazy_yiuf_cottage
D:3:      lemuel_castle_with_subvaults [lemuel_castle_interior_carwin_1],
          layout_basic, nicolae_overflow_ecumenical_swirl,
          lemuel_coloured_pillars_altar, chequers_garden,
          minmay_misc_feat_secret_circle, minmay_vboxes

Skill      XL: |  1  2  3  4  5 |
---------------+----------------+-----
Spellcasting   | 4 5 6 |  6.4
Conjurations   | 5 6 |  6.4
Dodging        | |  2.4
Stealth        | |  2.4

Action                     |  1- 3 |  4- 6 || total
---------------------------+-------+-------++-------
  Melee: Unarmed           |       |    18 ||    18
         Punch             |       |     1 ||     1
   Cast: Magic Dart        |    57 |    93 ||   150
         Searing Ray       |     1 |     4 ||     5
    Use: Potion            |       |     2 ||     2
 Armour: Robe              |     1 |     8 ||     9
  Dodge: Dodged            |     7 |    18 ||    25
